 Dungeon Sprint DCSS version 0.21-a0-401-g0b6bec4 (webtiles) character file.

108 theanonym the Cudgeler (level 4, -2/31 HPs)
             Began as a Gargoyle Fighter on Oct 21, 2017.
             Was an Initiate of Makhleb.
             Killed from afar by an oklob sapling (13 damage)
             ... with a splash of acid
             ... in the Dungeon (Sprint IV: "Fedhas' Mad Dash").
             The game lasted 00:01:34 (649 turns).

theanonym the Cudgeler (Gargoyle Fighter)            Turns: 649, Time: 00:01:35

Health: -2/31      AC:  7    Str: 21    XL:     4   Next: 87%
Magic:  3/5        EV:  7    Int:  8    God:    Makhleb [......]
Gold:   60         SH: 10    Dex:  9    Spells: 3/3 levels left

rFire    . . .     SeeInvis .   a - +0 flail
rCold    . . .     Gourm    .   c - +0 shield
rNeg     + . .     Faith    .   b - +0 scale mail
rPois    ∞         Spirit   .   (no helmet)
rElec    +         Reflect  .   (no cloak)
rCorr    .         Harm     .   (no gloves)
MR       .....     NoTele   +   (no boots)
Stlth    ..........             j - amulet of invisibility {+Inv}
HPRegen  0.10/turn              (no ring)
MPRegen  0.09/turn              (no ring)

@: corroded, slightly contaminated, invisible
A: negative energy resistance 1, electricity resistance, unbreathing,
petrification resistance, rot immunity, AC +3
a: Renounce Religion


You were in the Dungeon.
You worshipped Makhleb.
Makhleb was noncommittal.
You were not hungry.

You visited 1 branch You collected 60 gold pieces.

Inventory:

Hand Weapons
 a - a +0 flail (weapon)
Armour
 b - a +0 scale mail (worn)
 c - a +0 shield (worn)
Jewellery
 j - the amulet of invisibility (around neck) {+Inv}
   (You found it in the Dungeon)

   [amulet of nothing]

   It lets you turn invisible.
Scrolls
 k - a scroll of blinking
Potions
 d - a potion of might
 e - a potion of curing
 g - 2 potions of heal wounds
 h - a potion of haste
 i - 2 potions of magic
Comestibles
 f - a bread ration


   Skills:
 + Level 5.4 Fighting
 * Level 5.9 Maces & Flails
 + Level 5.4 Armour
 + Level 5.4 Shields
 + Level 1.7 Evocations


You had 3 spell levels left.
You didn't know any spells.

Dungeon Overview and Level Annotations

Branches:
Dungeon (1/1)

Altars:
Cheibriados
Dithmenos
Elyvilon
Gozag
Hepliaklqana
Kikubaaqudgha
Makhleb
Nemelex Xobeh
Okawaru
Qazlal
Ru
Sif Muna
Trog
Uskayaw
Vehumet
Wu Jian
Xom
Yredelemnul
Zin
The Shining One
Beogh
Jiyva
Lugonu

Annotations:
D exclusion: oklob sapling


Innate Abilities, Weirdness & Mutations

You are resistant to torment.
Your stone body is resilient. (AC +3)
You are immune to poison.
You resist negative energy. (rN+)
You are resistant to electric shocks. (rElec)
You can survive without breathing.
You are immune to petrification.
You are immune to rotting.


Message History

You see here 17 gold pieces.
You hit the worker ant.
The worker ant bites you but does no damage.
The worker ant bites you.
You take 5 damage, and have 19/24 hp.
MASSIVE DAMAGE!!
You hit the worker ant. The worker ant barely misses you.
You hit the worker ant but do no damage.
The worker ant bites you.
The worker ant bites you but does no damage.
You take 4 damage, and have 15/24 hp.
You sock the worker ant!
You kill the worker ant!
Your Maces & Flails skill increases to level 5!
You have reached level 4!
You feel stronger.
You regained 4 hp, and now have 19/30 hp.
MP restored: 4 You now have 11 gold pieces.
j - the amulet of invisibility {+Inv} Put on which piece of jewellery? (? for menu, Esc to quit)
j - the amulet of invisibility (around neck) {+Inv}
Okay, then.
Unknown command.
l - a scroll labeled WEAMIC COAQORGH You now have 21 gold pieces (gained 10).
You now have 35 gold pieces (gained 14).
You now have 43 gold pieces (gained 8).
You now have 60 gold pieces (gained 17).
As you read the scroll labeled WEAMIC COAQORGH, it crumbles to dust.
It is a scroll of amnesia.
You feel forgetful for a moment.
Unknown command.
Unknown command.
You start resting.
Health restored: 30 You open the door.
Found nine altars.
An oklob sapling priest comes into view.
The oklob sapling priest casts a cantrip, but nothing happens.
Found four altars.
There is an open door here.
Unknown command.
You fail to use your ability.
You fade into invisibility!
You are very lightly contaminated with residual magic.
You feel somewhat more hungry.
You now have 2/4 mp.
Really walk into a travel-excluded area?
There is an open door here.
Found three altars.
Found two altars.
Found three altars.
There is an opulent altar of Gozag here.
Found a corrupted altar of Lugonu and a radiant altar of Vehumet.
There is a burning altar of Makhleb here.
You kneel at the altar of Makhleb.
Makhleb welcomes you!
There is a sparkling altar of Nemelex Xobeh here.
You catch the helpless oklob sapling priest completely off-guard!
You hit the oklob sapling priest but do no damage.
You flicker for a moment.
You hit the oklob sapling priest but do no damage.
You sock the oklob sapling priest! You hit the oklob sapling priest.
You sock the oklob sapling priest!
You destroy the oklob sapling priest!
Makhleb accepts your kill.
Your Fighting skill increases to level 5!
Your Armour skill increases to level 5!
Your Shields skill increases to level 5!
Your Evocations skill increases to level 1!
Health restored: 31 You flicker back into view.
There is a sparkling altar of Nemelex Xobeh here.
There is a burning altar of Makhleb here.
There is an open door here.
You start resting.
MP restored: 5 You open the door.
An oklob sapling comes into view.
Found 13 gold pieces.
Unknown command.
Which direction?
You close the door.
You fade into invisibility!
You are lightly contaminated with residual magic.
You feel quite a bit more hungry.
You now have 3/5 mp.
You open the door. The oklob sapling spits acid at you.
The splash of acid hits you! The acid corrodes you!
You are splashed with acid!
The acid burns!
* * * LOW HITPOINT WARNING * * *
You take 20 damage, and have 11/31 hp.
MASSIVE DAMAGE!!
Found 4 gold pieces.
There is an open door here.
You hit the oklob sapling but do no damage.
The oklob sapling spits acid at you. The splash of acid hits you!
You die...

###############################
#<..P#.....#.....#.⌠._._._._.⌠.
#PP..'.....'.#...'.._._._._._..
#PPPP#.....#.#...#..._._._._...
###############'##.._._._._._..
+@..#._._._._._.⌠.
#$P$############## #####


You could see an oklob sapling.

Vanquished Creatures
  2 oklob saplings (D)
  A worker ant (D)
  A river rat (D)
  A rat (D)
5 creatures vanquished.

Notes
Turn   | Place    | Note
-------+----------+-------------------------------------------
     0 | D        | theanonym the Gargoyle Fighter began the quest for the Orb.
     0 | D        | Reached XP level 1. HP: 14/14 MP: 1/1
    23 | D        | Reached skill level 3 in Maces & Flails
    23 | D        | Reached XP level 2. HP: 5/20 MP: 2/2
   258 | D        | Noticed an oklob sapling
   264 | D        | Killed an oklob sapling
   264 | D        | Reached skill level 4 in Fighting
   264 | D        | Reached skill level 4 in Maces & Flails
   264 | D        | Reached skill level 4 in Armour
   264 | D        | Reached skill level 4 in Shields
   264 | D        | Reached XP level 3. HP: 6/24 MP: 3/3
   495 | D        | Found the amulet of invisibility {+Inv}
   498 | D        | Reached skill level 5 in Maces & Flails
   498 | D        | Reached XP level 4. HP: 19/30 MP: 4/4
   606 | D        | Found an opulent altar of Gozag.
   606 | D        | Found a hazy altar of Hepliaklqana.
   606 | D        | Found a burning altar of Makhleb.
   606 | D        | Found a sparkling altar of Nemelex Xobeh.
   606 | D        | Found a sacrificial altar of Ru.
   606 | D        | Found a deep blue altar of Sif Muna.
   606 | D        | Found an ornate altar of the Wu Jian Council.
   606 | D        | Found a shimmering altar of Xom.
   606 | D        | Found a basalt altar of Yredelemnul.
   607 | D        | Found a viscous altar of Jiyva.
   607 | D        | Found a roughly hewn altar of Beogh.
   607 | D        | Found a snail-covered altar of Cheibriados.
   607 | D        | Found a bloodstained altar of Trog.
   607 | D        | Noticed an oklob sapling priest
   612 | D        | Found an iron altar of Okawaru.
   612 | D        | Found a shadowy altar of Dithmenos.
   612 | D        | Found a glowing silver altar of Zin.
   613 | D        | Found an ancient bone altar of Kikubaaqudgha.
   613 | D        | Found a hide-covered altar of Uskayaw.
   614 | D        | Found a stormy altar of Qazlal.
   614 | D        | Found a white marble altar of Elyvilon.
   614 | D        | Found a glowing golden altar of the Shining One.
   615 | D        | Found a corrupted altar of Lugonu.
   615 | D        | Found a radiant altar of Vehumet.
   617 | D        | Became a worshipper of Makhleb the Destroyer
   624 | D        | Killed an oklob sapling priest
   624 | D        | Reached skill level 5 in Fighting
   624 | D        | Reached skill level 5 in Armour
   624 | D        | Reached skill level 5 in Shields
   624 | D        | Reached skill level 1 in Evocations
   649 | D        | Killed from afar by an oklob sapling

Vault maps used:
D:        dungeon_sprint_fedhas

Skill      XL: |  1  2  3  4 |
---------------+-------------+-----
Maces & Flails | 3 4 5 |  5.9
Fighting       | 4 5 |  5.4
Armour         | 4 5 |  5.4
Shields        | 4 5 |  5.4
Evocations     | 1 |  1.7

Action                   |  1- 3 |  4- 6 || total
-------------------------+-------+-------++-------
Melee: Flail             |    23 |     6 ||    29
 Abil: Evoke Invisibilit |       |     2 ||     2
  Use: Potion            |     1 |       ||     1
       Scroll            |       |     1 ||     1
 Stab: Invisible         |       |     1 ||     1
Armor: Scale mail        |    11 |       ||    11
Dodge: Dodged            |     7 |       ||     7
Block: Shield            |    11 |       ||    11

Table legend:
 A = Spawn XP
 B = Non-spawn XP
 C = Spawn XP percentage of total XP
 D = Spawn monster count
 E = Non-spawn monster count
 F = Spawn count percentage of total count
 G = Total turns spent on level
                    A         B        C        D         E        F      G
               +---------+---------+-------+---------+---------+-------+---------
         Total |       0 |     155 |   0.0 |       0 |       5 |   0.0 |   649
               +---------+---------+-------+---------+---------+-------+---------
             D |       0 |     155 |   0.0 |       0 |       5 |   0.0 |   649
               +---------+---------+-------+---------+---------+-------+---------
